 Dungeon Sprint DCSS version 0.21-a0-79-g04744e2 (webtiles) character file.

28 Kidiri the Insei (level 2, -3/34 HPs)
             Began as a Demonspawn Transmuter on June 22, 2017.
             Slain by a human (7 damage)
             ... in the Dungeon (Sprint III: "The Ten Rune Challenge").
             The game lasted 00:01:31 (181 turns).

Kidiri the Insei (Demonspawn Transmuter)             Turns: 181, Time: 00:01:31

Health: -3/34      AC:  2    Str: 15    XL:     2   Next: 96%
Magic:  4/5        EV: 15    Int: 14    God:
Gold:   22         SH:  0    Dex: 13    Spells: 3/6 levels left

rFire    . . .     SeeInvis .     - Unarmed
rCold    . . .     Gourm    .   (no shield)
rNeg     . . .     Faith    .   b - +0 robe
rPois    .         Spirit   .   (no helmet)
rElec    .         Reflect  .   (no cloak)
rCorr    .         Harm     .   (no gloves)
MR       .....     NoTele   +   (boots currently unavailable)
Stlth    ..........             (no amulet)
HPRegen  0.11/turn              (no ring)
MPRegen  0.09/turn              (no ring)

@: berserking, appendage (expiring), very quick
A: talons 3, repulsion field 1
a: End Transformation


You were in the Dungeon.
You were not hungry.
You had grown temporary talons.
You visited 1 branch You collected 22 gold pieces.

Inventory:

Missiles
 a - 12 arrows
Armour
 b - a +0 robe (worn)
Wands
 l - a wand of random effects (30/48)
Scrolls
 j - a scroll of blinking
Potions
 f - a potion of heal wounds
 g - a potion of haste
 h - 2 potions of magic
Books
 c - a book of Changes

   Spells                             Type                      Level
   a - Beastly Appendage              Transmutation                1
   b - Sticks to Snakes               Transmutation                2
   c - Spider Form                    Transmutation/Poison         3
   d - Ice Form                       Ice/Transmutation            4
   e - Blade Hands                    Transmutation                5
Comestibles
 d - a bread ration
 k - 5 chunks of flesh


   Skills:
 * Level 2.6 Fighting
 + Level 1.1 Armour
 * Level 2.6 Dodging
 + Level 1.9 Stealth
 * Level 3.3 Unarmed Combat
 * Level 2.9 Spellcasting
 * Level 2.6 Transmutations


You had 3 spell levels left.
You knew the following spells:

 Your Spells              Type           Power        Failure   Level  Hunger
a - Beastly Appendage     Tmut           #.....       8%          1    #......
b - Sticks to Snakes      Tmut           #.......     11%         2    ##.....


Dungeon Overview and Level Annotations

Branches:
Dungeon (1/1)

Altars:


Innate Abilities, Weirdness & Mutations

You are surrounded by a mild repulsion field. (EV +2)
You have claws for feet.


Message History

The human hits you.
You miss the human.
The human is lightly wounded.
The human hits you.
* * * LOW HITPOINT WARNING * * *
You feel better. The human hits you!
A red film seems to cover your vision as you go berserk!
You feel yourself moving faster!
You feel mighty!
Your transformation is almost over.
The human hits you!
* * * LOW HITPOINT WARNING * * *
You punch the human! Your kick misses the human.
The human is heavily wounded.
The human completely misses you.
You closely miss the human. Your kick misses the human.
The human is heavily wounded.
You hit the human.
The human is heavily wounded.
The human hits you!
You die...

▓▓▓▓▓▓▓▓▓
▓<..#...####
▓...#......##
▓..##.......#
▓##.##.##...# .#
##.##.###..# ..#
▓#.####.##..# ...+
▓.###..##.)##
#p..# ▓#.....##.@#
#....#
###..##..p##.....#
##..##....#......#
#..###..##.# #..#
#..#### ▓▓▓▓ ▓▓▓▓


You could see a human.

Vanquished Creatures
  Jessica (D)
  3 rats (D)
4 creatures vanquished.

Vanquished Creatures (others)
  5 hellions (D)
  A yaktaur (D)
6 creatures vanquished.

Grand Total: 10 creatures vanquished

Notes
Turn   | Place    | Note
-------+----------+-------------------------------------------
     0 | D        | Kidiri the Demonspawn Transmuter began the quest for the Orb.
     0 | D        | Reached XP level 1. HP: 15/15 MP: 3/3
    73 | D        | Reached skill level 1 in Stealth
    84 | D        | Killed a hellion
    86 | D        | Noticed Jessica
    86 | D        | Killed a hellion
    88 | D        | Killed a hellion
    88 | D        | Killed a hellion
    89 | D        | Killed a hellion
    93 | D        | Killed Jessica
    93 | D        | Reached skill level 1 in Armour
    93 | D        | Reached skill level 3 in Unarmed Combat
    93 | D        | Gained mutation: You are surrounded by a mild repulsion field. (EV +2) [demonic ancestry]
    93 | D        | Reached XP level 2. HP: 23/23 MP: 2/5
    97 | D        | Learned a level 2 spell: Sticks to Snakes
   155 | D        | Killed a yaktaur
   181 | D        | Slain by a human

Vault maps used:
D:        dungeon_sprint_mu

Skill      XL: |  1 |
---------------+----+-----
Stealth        | 1 |  1.9
Fighting       | 2 |  2.6
Armour         | 1 |  1.1
Dodging        | 2 |  2.6
Unarmed Combat | 3 |  3.3
Transmutations | 2 |  2.6
Spellcasting   | |  2.9

Action                   || total
-------------------------++-------
Melee: Unarmed           ||    26
       Kick              ||     2
 Cast: Beastly Appendage ||     6
  Use: Potion            ||     2
Armor: Robe              ||     1
Dodge: Dodged            ||    14
